cohdb
Replays
Latest Replays
All Replays
Popular Replays
Top Player Replays
Match Explorer
How It Works
Community
CoH3 Stats
Reddit
Sign in to upload your games and track your stats! →
Sign in with Steam
Match 43871131
Unlisted
Match 43871131
Overview
Messages
Build Orders
End
Panzergrenadier Squad
Selects Panzerjäger Kommand Battlegroup
Selects Mine Fields
Panzergrenadier Squad
250 Light Carrier
Construct Light Support Kompanie
Selects GrB 39 Grenade Launcher Requisition
Assault Grenadier Squad
Fire Support Elements
Assault Mechanized Group
Flakvierling Half-track
Vehicle Survival Package
Construct Panzerarmee Kommand
Pak 38 Anti-tank Gun Team
Pak 38 Anti-tank Gun Team
Selects Crew Shock Tactics
Walking Stuka Rocket Launcher
Pak 38 Anti-tank Gun Team
Walking Stuka Rocket Launcher
Selects Elefant Tank Destroyer
Elefant Tank Destroyer
Panzer III L Medium Tank
baked potato
Behemyth
Alwaysapotato
[82AD] PaulVmax
r33dys
A Chunky Chaffinch
0
0
Comments
sign in to comment!
No comments posted yet!